 Dungeon Crawl Stone Soup version 0.30.1-1-g62c8e00024 (webtiles) character file.

Game seed: 415029283160701406

117 monsoonserge the Insei (level 4, 0/32 HPs)
             Began as a Demonspawn Transmuter on July 15, 2023.
             Slain by an orc
             ... wielding a +0 falchion
              (5 damage)
             ... on level 4 of the Dungeon.
             The game lasted 00:07:08 (2008 turns).

monsoonserge the Insei (Demonspawn Transmuter)      Turns: 2008, Time: 00:07:09

Health: 0/32       AC:  5    Str: 13    XL:     4   Next: 71%
Magic:  7/7        EV: 11    Int: 14    God:
Gold:   137        SH:  0    Dex: 13    Spells: 6/7 levels left

rFire   . .          .
                       - Unarmed
rCold   . . .        (no shield)
rNeg    . . .        q - +0 ring mail
rPois   .            (helmet restricted)
rElec   .            e - scarf {shadows}
rCorr   .            (no gloves)
SInv    .            (no boots)
Will    .....        (no amulet)
Stlth   +            (no ring)
HPRegen 0.25/turn    (no ring)
MPRegen 0.10/turn

%: no passive effects
@: no status effects
A: horns 1, powered by death 1, demonic touch 1
a: no special abilities


You were on level 4 of the Dungeon.
You visited 1 branch of the dungeon, and saw 4 of its levels.

You collected 137 gold pieces.

Inventory:

Missiles
 f - 6 poisoned darts (quivered)
 r - 5 javelins
Armour
 a - a +0 robe
 e - a scarf of shadows (worn)
 m - a +0 leather armour
 q - a +0 ring mail (worn)
Wands
 s - a wand of mindburst (6)
Scrolls
 c - a scroll of magic mapping {unknown}
 d - a scroll of noise {unknown}
 g - 3 scrolls of identify {unknown}
 h - a scroll of teleportation {unknown}
 k - a scroll of torment {unknown}
 p - a scroll of fog {unknown}
 t - a scroll of blinking {unknown}
Potions
 b - 4 potions of lignification
 i - 4 potions of curing {unknown}
 j - 2 potions of brilliance {unknown}
 l - 2 potions of haste {unknown}
 n - a potion of magic {unknown}
 o - a potion of attraction {unknown}


   Skills:
 + Level 1.0 Fighting
 + Level 0.7 Armour
 - Level 2.0 Dodging
 * Level 4.7 Unarmed Combat
 - Level 2.0 Spellcasting
 - Level 2.0 Transmutations


You had 6 spell levels left.
You knew the following spells:

 Your Spells              Type           Power      Damage    Failure   Level
a - Beastly Appendage     Tmut           14%        N/A       22%         1

Your spell library contained the following spells:

 Spells                   Type           Power      Damage    Failure   Level
 Sting                    Tmut/Pois      16%        1d3       32%         1
 Wereblood                Tmut           7%         N/A       32%         2
 Poisonous Vapours        Pois/Air       2%         N/A       58%         2
 Sublimation of Blood     Necr           1%         N/A       58%         2
 Spider Form              Tmut/Pois      4%         N/A       69%         3
 Ice Form                 Ice/Tmut       4%         N/A       97%         4
 Olgreb's Toxic Radiance  Pois           1%         N/A       99%         4
 Summon Hydra             Summ           0%         N/A       100%        7


Dungeon Overview and Level Annotations

Branches:
Dungeon (4/15)
 Temple: D:4-7

Altars:


Innate Abilities, Weirdness & Mutations

You have a pair of small horns on your head.
You regenerate a little health from kills.
Your touch may inflict minor irresistible damage on your foes.


Message History

The orc shouts!
The orc priest shouts!
You hear a shout!
The orc priest looks braver for a moment.
You hit the orc.
You kill the orc!
The orc priest mumbles some strange prayers to Beogh against you.
Beogh smites you!
An orc comes into view. It is wielding a +0 falchion.
Things that are here:
a +0 whip; a +0 leather armour The orc shouts!
You hear a shout!
The orc priest mumbles some strange prayers to Beogh against you.
Beogh smites you!
Ouch! That really hurt!
* * * LOW HITPOINT WARNING * * *
You closely miss the orc priest. You headbutt the orc priest.
The orc priest is lightly wounded.
The orc priest barely misses you.
You barely miss the orc priest.
You touch the orc priest!
The orc priest is almost dead.
The orc priest looks encouraged for a moment.
You hit the orc priest but do no damage.
You headbutt the orc priest, but do no damage.
The orc priest is almost dead.
An orc wizard comes into view. It is wielding a +0 dagger.
The orc priest misses you.
You hit the orc priest but do no damage.
You headbutt the orc priest, but do no damage.
The orc priest is almost dead.
The orc wizard casts a spell.
The orc wizard flickers and vanishes!
Deactivating autopickup; reactivate with Ctrl-A.
The orc priest casts a cantrip, but nothing happens.
The orc hits you with a +0 falchion.
* * * LOW HITPOINT WARNING * * *
You hear a shout!
You hit the orc priest.
You kill the orc priest!
The orc barely misses you.
You hit the orc but do no damage. The orc hits you with a +0 falchion.
You die...

...............
....#.#........
.......<.............
...####..............
........#.##.........
....##..#.##.........
.....#..#.##.........
.......#.##o...(....
.###.....)@)........
.......>......)....
##############......
...##. ..... ......
......


You could see an orc.

Vanquished Creatures
  An orc priest (D:4)
  2 adders
  A worm (D:3)
  3 dart slugs
  2 orcs
  3 ball pythons
  7 bats
  8 endoplasms
  7 giant cockroaches
  5 goblins
  6 hobgoblins
  2 quokkas (D:1)
  2 frilled lizards
  2 kobolds
  2 rats (D:1)
53 creatures vanquished.

Notes
Turn   | Place    | Note
-------+----------+-------------------------------------------
     0 | D:1      | monsoonserge the Demonspawn Transmuter began the quest for
                  | the Orb.
     0 | D:1      | Reached XP level 1. HP: 15/15 MP: 3/3
    97 | D:1      | Reached skill level 3 in Unarmed Combat
   197 | D:1      | Gained mutation: You regenerate a little health from kills.
                  | [demonic ancestry]
   197 | D:1      | Reached XP level 2. HP: 21/21 MP: 5/5
   959 | D:2      | Discovered your monstrous ancestry.
   959 | D:2      | Gained mutation: Your touch may inflict minor irresistible
                  | damage on your foes. [demonic ancestry]
   959 | D:2      | Reached XP level 3. HP: 20/26 MP: 6/6
  1171 | D:2      | Reached skill level 4 in Unarmed Combat
  1604 | D:3      | Gained mutation: You have a pair of small horns on your
                  | head. [demonic ancestry]
  1604 | D:3      | Reached XP level 4. HP: 24/32 MP: 7/7
  2008 | D:4      | Slain by an orc

Illustrated notes

Levels and vault maps discovered:
D:1:      dpeg_arrival_more_subterranean_lakeside_camping, layout_basic
D:2:      layout_rooms, chequers_hall_statues_y, amcnicky_mini_corridor_feature,
          st_stairs_9
D:3:      layout_rooms
D:4:      layout_basic, okawaru_metal_pillars_3

Skill      XL: |  1  2  3 |
---------------+----------+-----
Unarmed Combat | 3 4 |  4.7
Dodging        | 2 |  2.0
Transmutations | 2 |  2.0
Fighting       | |  1.0
Armour         | |  0.7
Spellcasting   | |  2.0

Action                     |  1- 3 |  4- 6 || total
---------------------------+-------+-------++-------
  Melee: Unarmed           |   149 |    27 ||   176
         Punch             |     6 |     1 ||     7
         Kick              |     2 |       ||     2
         Touch             |    12 |     6 ||    18
         Headbutt          |       |     7 ||     7
   Cast: Beastly Appendage |     6 |       ||     6
   Stab: Sleeping          |     1 |       ||     1
 Armour: Robe              |     8 |       ||     8
         Leather armour    |    20 |       ||    20
         Ring mail         |     3 |     3 ||     6
  Dodge: Dodged            |   107 |    15 ||   122
